 Dungeon Crawl Stone Soup version 0.26-a0-28-gc929df5 (webtiles) character file.

Game seed: 9910916244459866379, levelgen mode: deterministic

91 thirtiethelement the Skirmisher (level 4, 0/61 HPs)
             Began as a Gnoll Abyssal Knight on May 27, 2020.
             Was a Believer of Lugonu.
             Slain by a gnoll
             ... wielding a +0 spear
              (3 damage)
             ... on level 2 of the Dungeon.
             The game lasted 00:03:22 (1794 turns).

thirtiethelement the Skirmisher (GnAK)              Turns: 1794, Time: 00:03:22

Health: 0/61       AC: 22    Str: 15    XL:     4   Next: 59%
Magic:  7/7        EV:  2    Int: 14    God:    Lugonu [**....]
Gold:   130        SH:  0    Dex: 15    Spells: 5/5 levels left

rFire    . . .     SeeInvis .   a - +1 hand axe (flame)
rCold    . . .     Gourm    .   (no shield)
rNeg     + + +     Faith    .   (armour currently unavailable)
rPois    +         Spirit   .   (helmet currently unavailable)
rElec    .         Reflect  .   (cloak currently unavailable)
rCorr    .         Harm     .   (gloves currently unavailable)
MR       .....     NoTele   +   (boots currently unavailable)
Stlth    ++........             (no amulet)
HPRegen  0.20/turn              (no ring)
MPRegen  0.10/turn              (no ring)

@: brilliant, tree-form
A: distributed training, strong nose
a: Depart the Abyss, Bend Space, Renounce Religion


You were on level 2 of the Dungeon.
You worshipped Lugonu.
Lugonu was pleased with you.
You were not hungry.
You were a tree.
You visited 1 branch of the dungeon, and saw 2 of its levels.
You visited the Abyss 1 time.

You collected 130 gold pieces.

Inventory:

Hand Weapons
 a - a +1 hand axe of flaming (weapon)
Armour
 b - a +0 leather armour
 j - a +0 pair of boots (melded)
 k - a +0 ring mail (melded)
 l - a +0 pair of gloves (melded)
Magical Staves
 f - an uncursed staff of poison {unknown}
Scrolls
 d - 2 scrolls of amnesia
 h - 3 scrolls of remove curse
Comestibles
 c - 5 rations
 g - 3 chunks of flesh


   Skills:
 + Level 6.6 Fighting
 + Level 1.1 Short Blades
 + Level 1.1 Long Blades
 + Level 4.6 Axes
 + Level 1.1 Maces & Flails
 + Level 1.1 Polearms
 + Level 1.1 Staves
 + Level 1.1 Slings
 + Level 1.1 Bows
 + Level 1.1 Crossbows
 + Level 1.1 Throwing
 + Level 4.6 Armour
 + Level 2.7 Dodging
 + Level 1.1 Stealth
 + Level 1.1 Shields
 + Level 1.1 Unarmed Combat
 + Level 1.1 Spellcasting
 + Level 0.9 Conjurations
 + Level 0.9 Hexes
 + Level 0.9 Charms
 + Level 0.9 Summonings
 + Level 0.9 Necromancy
 + Level 0.9 Translocations
 + Level 0.9 Transmutations
 + Level 0.9 Fire Magic
 + Level 0.9 Ice Magic
 + Level 0.9 Air Magic
 + Level 0.9 Earth Magic
 + Level 0.9 Poison Magic
 + Level 4.7 Invocations
 + Level 1.1 Evocations


You had 5 spell levels left.
You didn't know any spells.
Your spell library was empty.

Dungeon Overview and Level Annotations

Branches:
Dungeon (2/15)

Altars:
Elyvilon
Zin
The Shining One


Innate Abilities, Weirdness & Mutations

Your experience applies equally to all skills.
((You have very sharp teeth.))
Your uncanny sense of smell can sniff out nearby items.


Message History

The gnoll hits you but does no damage.
You hit the gnoll. You burn the gnoll.
The gnoll is heavily wounded.
The gnoll barely misses you.
You hit the gnoll. You burn the gnoll.
You kill the gnoll!
Lugonu accepts your kill.
The gnoll hits you from afar with a +0 spear.
* * * LOW HITPOINT WARNING * * *
The gnoll hits you with a +0 spear.
* * * LOW HITPOINT WARNING * * *
It was a potion of brilliance.
You feel clever all of a sudden. The gnoll hits you but does no damage.
It was a potion of lignification.
You turn into a tree.
Your +0 pair of gloves melds into your body.
Your +0 pair of boots melds into your body.
Your +0 ring mail melds into your body.
Your roots penetrate the ground.
The gnoll hits you with a +0 spear.
You die...

##### .....∆ . ... .##
... ..# #'# #.# #g#
#.# #♣############.#
#.).........##.#
#)).........##.##
#......).......)#
#...............#
#...)...........##
#...........###..#
..............# ##.#
#.......############'#


You could see a gnoll.

Vanquished Creatures
  3 gnolls (D:2)
  An ooze (D:1)
  2 worms (D:2)
  A dart slug (D:1)
  3 leopard geckos
  A ball python (D:1)
  A giant cockroach (D:2)
  4 goblins (D:1)
  10 hobgoblins
  4 jackals (D:1)
  A quokka (D:2)
  7 bats
  2 frilled lizards (D:1)
  3 rats (D:1)
43 creatures vanquished.

Notes
Turn   | Place    | Note
-------+----------+-------------------------------------------
     0 | Abyss:1  | thirtiethelement the Gnoll Abyssal Knight began the quest
                  | for the Orb.
     0 | Abyss:1  | Reached XP level 1. HP: 23/23 MP: 3/3
     0 | Abyss:1  | Noticed a wretched star
     0 | Abyss:1  | Noticed a starcursed mass
     0 | Abyss:1  | Noticed a golden eye
    76 | Abyss:2  | Noticed a starcursed mass
    81 | D:1      | Escaped the Abyss
   354 | D:1      | Reached XP level 2. HP: 29/29 MP: 5/5
   785 | D:1      | Reached * piety under Lugonu
   880 | D:1      | Reached XP level 3. HP: 35/35 MP: 6/6
  1585 | D:2      | Reached skill level 1 in Short Blades
  1585 | D:2      | Reached skill level 1 in Long Blades
  1585 | D:2      | Reached skill level 1 in Maces & Flails
  1585 | D:2      | Reached skill level 1 in Polearms
  1585 | D:2      | Reached skill level 1 in Staves
  1585 | D:2      | Reached skill level 1 in Slings
  1585 | D:2      | Reached skill level 1 in Bows
  1585 | D:2      | Reached skill level 1 in Crossbows
  1585 | D:2      | Reached skill level 1 in Throwing
  1585 | D:2      | Reached skill level 1 in Stealth
  1585 | D:2      | Reached skill level 1 in Shields
  1585 | D:2      | Reached skill level 1 in Unarmed Combat
  1585 | D:2      | Reached skill level 1 in Spellcasting
  1585 | D:2      | Reached skill level 1 in Evocations
  1713 | D:2      | Found a glowing golden altar of the Shining One.
  1713 | D:2      | Found a glowing silver altar of Zin.
  1713 | D:2      | Found a white marble altar of Elyvilon.
  1733 | D:2      | Reached XP level 4. HP: 41/41 MP: 7/7
  1787 | D:2      | Reached ** piety under Lugonu
  1792 | D:2      | HP: 2/41 [gnoll/+0 spear (6)]
  1794 | D:2      | Slain by a gnoll

Illustrated notes

Levels and vault maps discovered:
D:1:      lemuel_arrival_hallway, layout_basic
D:2:      cheibrodos_greedy_goblins, layout_basic, good_gods_mini_temple,
          first_ration, minmay_pentomino_r2

Skill      XL: |  1  2  3 |
---------------+----------+-----
Short Blades   | 1 |  1.1
Long Blades    | 1 |  1.1
Maces & Flails | 1 |  1.1
Polearms       | 1 |  1.1
Staves         | 1 |  1.1
Slings         | 1 |  1.1
Bows           | 1 |  1.1
Crossbows      | 1 |  1.1
Throwing       | 1 |  1.1
Stealth        | 1 |  1.1
Shields        | 1 |  1.1
Unarmed Combat | 1 |  1.1
Spellcasting   | 1 |  1.1
Evocations     | 1 |  1.1
Fighting       | |  6.6
Axes           | |  4.6
Armour         | |  4.6
Dodging        | |  2.7
Conjurations   | |  0.9
Hexes          | |  0.9
Charms         | |  0.9
Summonings     | |  0.9
Necromancy     | |  0.9
Translocations | |  0.9
Transmutations | |  0.9
Fire Magic     | |  0.9
Ice Magic      | |  0.9
Air Magic      | |  0.9
Earth Magic    | |  0.9
Poison Magic   | |  0.9
Invocations    | |  4.7

Action                   |  1- 3 |  4- 6 || total
-------------------------+-------+-------++-------
Melee: Hand axe          |    97 |    18 ||   115
       Bite              |     9 |     1 ||    10
Invok: Depart the Abyss  |     1 |       ||     1
  Use: Scroll            |     4 |       ||     4
       Potion            |       |     2 ||     2
 Stab: Sleeping          |     2 |       ||     2
  Eat: Chunk             |     3 |       ||     3
Armor: Leather armour    |    28 |       ||    28
       Ring mail         |     9 |     9 ||    18
Dodge: Dodged            |    72 |    18 ||    90

Table legend:
 A = Non-vault XP
 B = Vault XP
 C = Vault XP percentage of total XP
 D = Non-vault monster count
 E = Vault monster count
 F = Vault count percentage of total count
                 A         B        C        D         E       F
            +---------+---------+-------+---------+---------+-------
      Total |     131 |       0 |   0.0 |      43 |       0 |   0.0
            +---------+---------+-------+---------+---------+-------
        D:1 |      63 |       0 |   0.0 |      31 |       0 |   0.0
        D:2 |      68 |       0 |   0.0 |      12 |       0 |   0.0
            +---------+---------+-------+---------+---------+-------
